 Dungeon Crawl Stone Soup version 0.30-a0-737-gf23d94013f (webtiles) character file.

Game seed: 3888745647872666121

348 Lavandula the Slasher (level 6, -8/47 HPs)
             Began as a Human Monk on Feb 2, 2023.
             Was a Believer of Elyvilon.
             Mangled by an ogre
             ... wielding a +0 giant club
              (24 damage)
             ... on level 5 of the Dungeon.
             The game lasted 00:06:39 (3100 turns).

Lavandula the Slasher (Human Monk)                  Turns: 3100, Time: 00:06:40

Health: -8/47      AC: 10    Str: 13    XL:     6   Next: 91%
Magic:  0/6        EV:  6    Int: 10    God:    Elyvilon [**....]
Gold:   7          SH:  0    Dex: 19    Spells: 5/5 levels left

rFire   . . .      SeeInvis +    a - +0 falchion
rCold   . . .      Faith    .    (no shield)
rNeg    . . .      Spirit   +    f - +0 chain mail
rPois   .          Reflect  .    (no helmet)
rElec   .          Harm     .    (no cloak)
rCorr   .          Rampage  .    j - +1 pair of gloves {Dex+3}
Will    +....                    (no boots) Stlth
                                 q - amulet of guardian spirit
HPRegen 0.27/turn                g - ring of see invisible
MPRegen 0.10/turn                k - ring of willpower

@: confused, ambrosia-drunk
A: no striking features
a: Renounce Religion, Purification, Heal Other


You were on level 5 of the Dungeon.
You worshipped Elyvilon.
Elyvilon was pleased with you.
You visited 1 branch of the dungeon, and saw 5 of its levels.

You collected 97 gold pieces.
You spent 90 gold pieces at shops.

Inventory:

Hand Weapons
 a - a +0 falchion (weapon)
Missiles
 p - 8 poisoned darts (quivered)
Armour
 b - a +0 robe
 f - a +0 chain mail (worn)
 j - a +1 pair of gloves of dexterity (worn)
Jewellery
 g - a ring of see invisible (left hand)
 k - a ring of willpower (right hand)
 q - an amulet of guardian spirit (around neck)
 s - a ring of protection from fire
Scrolls
 h - 3 scrolls of amnesia
 r - 2 scrolls of vulnerability
 t - a scroll of brand weapon {unknown}
Potions
 c - 2 potions of ambrosia
 i - a potion of haste {unknown}
 m - 2 potions of brilliance {unknown}
 o - 3 potions of heal wounds {unknown}
 u - a potion of degeneration {unknown}


   Skills:
 - Level 3.0 Fighting
 + Level 7.2 Long Blades
 - Level 3.0 Dodging
 - Level 2.0 Stealth


You had 5 spell levels left.
You didn't know any spells.
Your spell library was empty.

Dungeon Overview and Level Annotations

Branches:
Dungeon (5/15)
 Temple: D:4-7

Altars:
Elyvilon
Zin

Shops:
D:4 :

Annotations:
D:2 Sigmund


Message History

As you read the scroll of identify, it crumbles to dust.
r - 2 scrolls of vulnerability
As you read the scroll of identify, it crumbles to dust.
l - 2 scrolls of noise You drop 3 scrolls of immolation.
You drop 2 scrolls of noise.
The ogre barely misses you.
You hit the ogre but do no damage. You hit the ogre.
The ogre is lightly wounded.
The ogre hits you with a +0 giant club!!
Okay, then.
You aren't carrying any items that you can evoke.
Unknown command.
Okay, then.
Okay, then.
Press: ? - help, Dir - move target, f - ogre Heal: an ogre, wielding a +0 giant club (lightly wounded, uninterested)
You feel better. The ogre hits you with a +0 giant club!
You feel better.
You hit the ogre.
The ogre is moderately wounded.
The ogre hits you but does no damage.
You hit the ogre.
The ogre is moderately wounded.
You hit the ogre.
The ogre is heavily wounded.
The ogre completely misses you.
You hit the ogre.
The ogre is severely wounded.
The ogre hits you with a +0 giant club!!
You feel better.
You slash the ogre! You punch the ogre, but do no damage.
The ogre is almost dead.
The ogre hits you with a +0 giant club!!
* * * LOW HITPOINT WARNING * * *
You are confused.
You feel invigorated.
The ogre hits you with a +0 giant club!!
Ouch! That really hurt!
You die...

##.# #...
##...##
#.....## .
##......## ...
#.........
#...#.........
#..@.......
#..O.......
#...........
#.........?.
#..$........
#...........
#...........
.....$......


You could see an ogre.

Vanquished Creatures
  2 phantoms (D:4)
  A jelly (D:4)
  2 hounds (D:4)
  Natasha (D:2)
  Ijyb (D:3)
  2 worms
  4 ball pythons
  4 endoplasms
  2 giant cockroaches (D:1)
  6 goblins
  2 hobgoblins (D:1)
  6 quokkas
  9 bats
  4 frilled lizards (D:1)
  3 kobolds
  2 rats (D:2)
51 creatures vanquished.

Notes
Turn   | Place    | Note
-------+----------+-------------------------------------------
     0 | D:1      | Lavandula the Human Monk began the quest for the Orb.
     0 | D:1      | Reached XP level 1. HP: 18/18 MP: 1/1
   146 | D:1      | Reached XP level 2. HP: 8/24 MP: 2/2
   536 | D:1      | Reached skill level 4 in Long Blades
   536 | D:1      | Reached XP level 3. HP: 29/29 MP: 3/3
  1016 | D:2      | Noticed Natasha
  1021 | D:2      | Killed Natasha
  1022 | D:2      | Reached XP level 4. HP: 19/35 MP: 4/4
  1105 | D:2      | Noticed Sigmund
  1262 | D:3      | Noticed Ijyb
  1315 | D:3      | Killed Ijyb
  1316 | D:3      | Reached skill level 5 in Long Blades
  1408 | D:3      | You fall into a shaft and drop 1 floor!
  1574 | D:3      | Found Zin's Purification Station.
  1577 | D:3      | Found a glowing silver altar of Zin.
  2119 | D:4      | Found Ryenoir's Book Shop.
  2146 | D:4      | Reached XP level 5. HP: 41/41 MP: 5/5
  2164 | D:4      | Noticed a phantom
  2176 | D:4      | Killed a phantom
  2177 | D:4      | Reached skill level 6 in Long Blades
  2198 | D:4      | Reached XP level 6. HP: 45/47 MP: 4/6
  2299 | D:4      | Reached skill level 7 in Long Blades
  2445 | D:3      | Bought a potion of curing for 90 gold pieces
  2650 | D:4      | Found a white marble altar of Elyvilon.
  2783 | D:4      | Became a worshipper of Elyvilon the Healer
  2783 | D:4      | Reached * piety under Elyvilon
  2783 | D:4      | Reached ** piety under Elyvilon
  3083 | D:5      | Entered Level 5 of the Dungeon
  3083 | D:5      | Noticed an ogre
  3100 | D:5      | Mangled by an ogre

Illustrated notes

Levels and vault maps discovered:
D:1:      dpeg_arrival_fog, layout_loops_ring
D:2:      layout_loops_ring, grunt_ministairs_11, uniq_sigmund, uniq_natasha,
          uniq_jessica
D:3:      layout_loops_ring, zin_purify, serial_bayou_ford_a, uniq_ijyb
D:4:      layout_gridville, nicolae_elyvilon_peaceful_grove, serial_shops,
          kennysheep_mini
D:5:      cheibrodos_fzero, layout_cave_pods, nicolae_ossuary_entry_ruins,
          palyth_stone_intersect

Skill      XL: |  1  2  3  4  5  6 |
---------------+-------------------+-----
Long Blades    | 4 5 6 7 |  7.2
Fighting       | |  3.0
Dodging        | |  3.0
Stealth        | |  2.0

Action                     |  1- 3 |  4- 6 || total
---------------------------+-------+-------++-------
  Melee: Falchion          |    82 |   133 ||   215
         Punch             |       |     3 ||     3
    Use: Potion            |     1 |     4 ||     5
         Scroll            |       |     4 ||     4
 Armour: Robe              |     6 |       ||     6
         Chain mail        |    23 |    77 ||   100
  Dodge: Dodged            |    49 |    48 ||    97

Table legend: (Time is in decaauts)
 A = Elapsed time spent in this place.
 B = Non-inter-level travel time spent in this place.
 C = Inter-level travel time spent in this place.
 D = Time resting spent in this place.
 E = Time spent auto-exploring this place.
 F = Levels seen in this place.
 G = Mean time per level.
                   A        B        C        D        E       F      G
               +--------+--------+--------+--------+--------+-----+--------+
         Total |   3121 |   2826 |    295 |      0 |   2278 |   5 |  624.2 |
       Dungeon |   3121 |   2826 |    295 |      0 |   2278 |   5 |  624.2 |
               +--------+--------+--------+--------+--------+-----+--------+

Top non-repeatable levels by time:
     D:4: 1141 daAuts
     D:1: 919 daAuts
     D:3: 757 daAuts
     D:2: 286 daAuts
     D:5: 16 daAuts
